 Dungeon Crawl Stone Soup version 0.17.1-1-g73c8601 (webtiles) character file.

7844 TheDude42 the Fighter (level 11, -1/71 HPs)
             Began as a Gargoyle Earth Elementalist on July 16, 2016.
             Was an Elder of Vehumet.
             Slain by a killer bee (3 damage)
             ... on level 10 of the Dungeon.
             The game lasted 00:47:30 (13898 turns).

TheDude42 the Fighter (GrEE)                       Turns: 13898, Time: 00:47:30

Health: -1/71      AC: 11    Str: 10    XL:     11   Next: 21%
Magic:  19/24      EV: 12    Int: 26    God:    Vehumet [****..]
Gold:   499        SH:  6    Dex: 10    Spells: 5 memorised, 13 levels left

rFire  . . .     SeeInvis .     M - +7 falchion "Lealow" {vamp, +Blink rN+ Str-2 Int+7}
rCold  . . .     Clarity  .     a - +0 robe
rNeg   + + .     SustAt   .     y - +2 buckler
rPois  ∞         Gourm    .     (no helmet)
rElec  +         Spirit   .     P - +0 cloak
rCorr  .         Warding  .     (no gloves)
rMut   +         Stasis   .     Q - +0 pair of boots
MR     .....                    e - amulet of resist mutation
Stlth  ++........               (no ring)
                                p - ring of flight

@: not resistant to hostile enchantments, unstealthy
A: negative energy resistance 1, electricity resistance, unbreathing,
petrification resistance, rot immunity, AC +7
a: Renounce Religion, Evoke Blink, Evoke Flight


You were on level 10 of the Dungeon.
You worshipped Vehumet.
Vehumet was greatly pleased with you.
You were hungry.

You visited 3 branches of the dungeon, and saw 13 of its levels.
You also visited: Ossuary.

You collected 499 gold pieces.

Inventory:

Hand Weapons
 n - a +3 whip of venom
 M - the +7 falchion "Lealow" (weapon) {vamp, +Blink rN+ Str-2 Int+7}
   (You took it off an orc on level 7 of the Dungeon)

   It inflicts no extra harm, but heals its wielder somewhat when it strikes a
   living foe.
   It affects your strength (-2).
   It affects your intelligence (+7).
   It protects you from negative energy.
   It lets you blink.
Missiles
 b - 185 stones (quivered)
Armour
 a - a +0 robe (worn)
 y - a +2 buckler (worn)
 P - a +0 cloak (worn)
 Q - a +0 pair of boots (worn)
Jewellery
 e - an amulet of resist mutation (around neck)
 p - a ring of flight (left hand)
Wands
 i - a wand of confusion (20)
 I - a wand of digging (18)
 N - a wand of frost (26)
 S - a wand of digging (13)
 U - a wand of digging (9)
 Z - a wand of flame (14)
Scrolls
 g - 2 scrolls of recharging
 k - 6 scrolls of remove curse
 m - 2 scrolls of amnesia
 r - 2 scrolls of identify
 s - a scroll of teleportation
 t - a scroll of immolation
 u - a scroll of random uselessness
 B - 3 scrolls of blinking
 C - a scroll of enchant weapon
Potions
 f - a potion of might {unknown}
 h - 6 potions of curing
 l - 2 potions of agility
 o - 2 potions of brilliance
 q - 3 potions of heal wounds
 v - a potion of magic
 w - 2 potions of flight
 x - 2 potions of berserk rage {unknown}
 z - 5 potions of lignification {unknown}
 H - a potion of invisibility {unknown}
 J - a potion of experience {unknown}
 L - a potion of cancellation {unknown}
 R - 2 potions of resistance {unknown}
 W - 2 potions of haste {unknown}
Books
 c - a book of Geomancy

   Spells                             Type                      Level
   a - Sandblast                      Earth                        1
   b - Stoneskin                      Transmutation/Earth          2
   c - Passwall                       Transmutation/Earth          3
   d - Stone Arrow                    Conjuration/Earth            3
   e - Petrify                        Transmutation/Earth          4
   f - Lee's Rapid Deconstruction     Earth                        5
 j - a book of Fire

   Spells                             Type                      Level
   a - Ignite Poison                  Fire/Transmutation/Poison    3
   b - Fireball                       Conjuration/Fire             5
   c - Bolt of Fire                   Conjuration/Fire             6
   d - Delayed Fireball               Conjuration/Fire             7
   e - Ring of Flames                 Charms/Fire                  7
 E - a book of Cantrips

   Spells                             Type                      Level
   a - Corona                         Hexes                        1
   b - Animate Skeleton               Necromancy                   1
   c - Summon Small Mammal            Summoning                    1
   d - Apportation                    Translocation                1
 G - a book of Transfigurations

   Spells                             Type                      Level
   a - Stoneskin                      Transmutation/Earth          2
   b - Irradiate                      Conjuration/Transmutation    5
   c - Statue Form                    Transmutation/Earth          6
   d - Hydra Form                     Transmutation                6
   e - Dragon Form                    Transmutation                7
Comestibles
 d - 6 bread rations
 A - 4 meat rations
 D - a royal jelly
 T - 17 fruits
 V - 2 slices of pizza
 X - a beef jerky


   Skills:
 - Level 9.2 Fighting
 - Level 1.5 Dodging
 - Level 2.1 Stealth
 - Level 4.0 Shields
 - Level 9.1 Spellcasting
 - Level 7.0 Conjurations
 - Level 0.7 Transmutations
 * Level 4.1 Fire Magic
 + Level 9.2 Earth Magic


You had 13 spell levels left.
You knew the following spells:

 Your Spells              Type           Power        Failure   Level  Hunger
a - Sandblast             Erth           ######       1%          1    None
b - Stoneskin             Trmt/Erth      #####...     1%          2    None
c - Stone Arrow           Conj/Erth      ######       1%          3    None
d - Sticky Flame          Conj/Fire      #####...     2%          4    #......
f - Fireball              Conj/Fire      #####.....   4%          5    ####...


Dungeon Overview and Level Annotations

Branches:
Dungeon (11/15)            Temple (1/1) D:5            Lair (1/8) D:9
    Orc: D:9-12

Altars:
Ashenzari
Elyvilon
Fedhas
Gozag
Makhleb
Qazlal
Ru
Sif Muna
Trog
Vehumet
The Shining One

Annotations:
D:3 mdk's ghost, amateur OgHu
D:9 Grum
Lair:1 Levianaught's ghost, journeyman MiBe


Innate Abilities, Weirdness & Mutations

You are resistant to torment.
Your stone body is resilient (AC +7).
You are immune to poison.
You resist negative energy.
You are resistant to electric shocks.
You can survive without breathing.
You are immune to petrification.
You are immune to rotting.


Message History

The killer bee misses you. You block the killer bee's attack. x2
The white ugly thing bites you. The white ugly thing freezes you!!
* * * LOW HITPOINT WARNING * * *
The killer bee stings you.
* * * LOW HITPOINT WARNING * * *
You block the killer bee's attack.
Found a crooked runed staff.
You block the killer bee's attack. You block the killer bee's attack.
The killer bee stings you but does no damage. x2
The killer bee barely misses you. The killer bee closely misses you.
The killer bee stings you but does no damage.
You see here a crooked runed staff.
The killer bee closely misses you. x2
The killer bee stings you but does no damage.
The killer bee closely misses you. The killer bee stings you.
* * * LOW HITPOINT WARNING * * *
The killer bee stings you.
You die...

..####........... .##
#..>.....# ##
#.......## # #..##...##
#..###<..# #..# ###..#
#..# #..### #..# #...##
#..# #@..###.. ##..###
###yy......
##.....####|yyy......
#........h...........
....####....u..........
#... ##...#######....
#... #...# .... #..
#....# ... .. #....# ..


You could see a white ugly thing and 5 killer bees.

Vanquished Creatures
  Joseph (D:7)
  A troll (D:8)
  Prince Ribbit (D:8)
  7 yaks
  A hippogriff (D:8)
  A deep elf fighter (D:9)
  A hungry ghost (D:7)
  A mottled dragon (D:8)
  3 wolves
  5 sky beasts
  3 ice beasts
  A wasp (D:8)
  3 phantoms
  6 orc warriors
  2 black bears (D:9)
  A water moccasin (Lair:1)
  2 centaurs
  2 necrophages
  4 ogres
  3 crocodiles
  3 giant frogs
  A gnoll sergeant (D:7)
  5 scorpions
  A wyvern skeleton (D:8)
  6 killer bees (D:9)
  2 crimson imps
  5 hounds
  A jelly (D:8)
  6 orc priests
  A quasit (D:5)
  A centaur skeleton (D:8)
  A giant frog skeleton (D:4)
  An iguana (D:5)
  Natasha (thrice) (D:3)
  A gnoll shaman (D:4)
  9 orc wizards
  4 worker ants
  A hound zombie (D:9)
  2 worker ant zombies
  14 adders
  15 gnolls
  10 river rats
  2 shadow imps
  4 adder zombies
  2 worms (D:3)
  7 giant geckos
  36 orcs
  2 ball pythons
  15 bats
  4 giant cockroaches
  3 hobgoblins
  6 jackals
  6 kobolds
  2 quokkas
  2 giant newts
  9 goblins
  4 hobgoblin zombies (Ossuary)
  11 kobold zombies (Ossuary)
  5 orc zombies (Ossuary)
  A quokka skeleton (D:9)
  44 rats
  A fungus (D:9)
308 creatures vanquished.

Vanquished Creatures (others)
  2 fungi (D:9)
2 creatures vanquished.

Grand Total: 310 creatures vanquished

Notes
Turn   | Place    | Note
--------------------------------------------------------------
     0 | D:1      | TheDude42 the Gargoyle Earth Elementalist began the quest for the Orb.
     0 | D:1      | Reached XP level 1. HP: 10/10 MP: 3/3
   186 | D:1      | Reached skill level 4 in Earth Magic
   291 | D:1      | Reached XP level 2. HP: 15/15 MP: 5/5
  1390 | D:2      | Reached XP level 3. HP: 19/19 MP: 6/6
  1572 | D:2      | Reached skill level 5 in Earth Magic
  2258 | D:3      | Noticed Natasha
  2265 | D:3      | Killed Natasha
  2265 | D:3      | Reached XP level 4. HP: 24/24 MP: 3/8
  2353 | D:3      | Noticed mdk's ghost (amateur OgHu)
  2659 | D:3      | Noticed Natasha
  2697 | D:3      | Killed Natasha
  2828 | D:3      | Learned a level 2 spell: Stoneskin
  2832 | D:3      | Learned a level 3 spell: Stone Arrow
  2889 | D:3      | Reached XP level 5. HP: 21/28 MP: 10/10
  3030 | D:3      | Found a bloodstained altar of Trog.
  3065 | D:3      | Noticed Natasha
  3070 | D:3      | Killed Natasha
  3517 | D:4      | Found a sand-covered staircase.
  3522 | Ossuary  | Entered an ossuary
  3635 | Ossuary  | Reached skill level 1 in Shields
  4210 | D:4      | Reached XP level 6. HP: 27/32 MP: 12/12
  4967 | D:4      | Reached skill level 5 in Spellcasting
  5258 | D:5      | Entered Level 5 of the Dungeon
  5671 | D:5      | Reached XP level 7. HP: 36/36 MP: 6/15
  6012 | D:5      | Reached skill level 6 in Spellcasting
  6100 | D:5      | Found a shattered altar of Ashenzari.
  6193 | D:5      | Found a staircase to the Ecumenical Temple.
  6254 | Temple   | Entered the Ecumenical Temple
  6317 | Temple   | Became a worshipper of Vehumet
  6619 | D:5      | Reached skill level 1 in Conjurations
  6803 | D:5      | Found a bloodstained altar of Trog.
  6989 | D:6      | Reached XP level 8. HP: 38/41 MP: 18/18
  7167 | D:6      | Reached skill level 7 in Spellcasting
  7635 | D:6      | Found a blossoming altar of Fedhas.
  7826 | D:6      | Reached * piety under Vehumet
  7826 | D:6      | Offered knowledge of Shock by Vehumet.
  7859 | D:6      | Reached skill level 8 in Spellcasting
  7911 | D:6      | Found a deep blue altar of Sif Muna.
  8386 | D:7      | Got a brightly glowing falchion {vamp}
  8393 | D:7      | Identified the +7 falchion "Lealow" {vamp, +Blink rN+ Str-2 Int+7} (You took it off an orc on level 7 of the Dungeon)
  8486 | D:7      | Reached XP level 9. HP: 45/45 MP: 21/21
  8633 | D:7      | Reached skill level 1 in Fighting
  8633 | D:7      | Reached skill level 9 in Spellcasting
  9109 | D:7      | Noticed Joseph
  9128 | D:7      | Killed Joseph
  9609 | D:8      | Reached ** piety under Vehumet
  9615 | D:8      | Offered knowledge of Searing Ray by Vehumet.
  9620 | D:8      | Reached skill level 5 in Conjurations
  9633 | D:8      | Learned a level 5 spell: Fireball
  9680 | D:8      | Found an opulent altar of Gozag.
  9680 | D:8      | Found a stormy altar of Qazlal.
  9680 | D:8      | Found a burning altar of Makhleb.
  9680 | D:8      | Noticed Prince Ribbit
  9685 | D:8      | Killed Prince Ribbit
  9979 | D:9      | Reached skill level 5 in Fighting
  9985 | D:9      | Reached XP level 10. HP: 59/59 MP: 23/23
 10915 | D:8      | Offered knowledge of Mephitic Cloud by Vehumet.
 10970 | D:8      | Reached *** piety under Vehumet
 11046 | D:8      | Reached skill level 1 in Fire Magic
 11203 | D:8      | Found a blossoming altar of Fedhas.
 11310 | D:8      | Offered knowledge of Inner Flame by Vehumet.
 11674 | D:9      | Found a staircase to the Lair.
 12009 | D:9      | Reached **** piety under Vehumet
 12321 | D:9      | Noticed Grum
 12622 | D:9      | Reached XP level 11. HP: 71/71 MP: 15/24
 12993 | D:9      | Offered knowledge of Sticky Flame by Vehumet.
 13107 | D:9      | Learned a level 4 spell: Sticky Flame
 13110 | Lair:1   | Entered Level 1 of the Lair of Beasts
 13471 | Lair:1   | Noticed Levianaught's ghost (journeyman MiBe)
 13828 | D:10     | Entered Level 10 of the Dungeon
 13897 | D:10     | HP: 2/71 [killer bee (4)]
 13898 | D:10     | Slain by a killer bee

Action                   |  1- 3 |  4- 6 |  7- 9 | 10-12 || total
-------------------------+-------+-------+-------+-------++-------
Melee: Hand axe          |   117 |       |       |       ||   117
       Unarmed           |     2 |       |       |       ||     2
       Whip              |    16 |   220 |   150 |       ||   386
       Falchion          |       |       |   138 |   415 ||   553
 Cast: Sandblast         |    15 |    35 |    39 |       ||    89
       Stone Arrow       |       |     1 |    35 |    74 ||   110
       Sticky Flame      |       |       |       |     1 ||     1
Evoke: Wand              |       |       |       |     1 ||     1
  Use: Scroll            |       |       |       |    18 ||    18
 Stab: Sleeping          |     3 |     2 |     5 |     1 ||    11
  Eat: Chunk             |     4 |     5 |    11 |    13 ||    33
       Meat ration       |       |     1 |       |       ||     1
       Beef jerky        |       |     1 |       |       ||     1
       Fruit             |       |       |     4 |       ||     4
       Bread ration      |       |       |     1 |       ||     1
